 Dungeon Crawl Stone Soup version 0.25.1-2-g60ff931df9 (webtiles) character file.

Game seed: 7714284499501370612

122 pokeman the Magician (level 4, -1/25 HPs)
             Began as a Deep Elf Wizard on Oct 29, 2020.
             Slain by a sky beast (6 damage)
             ... on level 3 of the Dungeon.
             The game lasted 00:05:10 (2394 turns).

pokeman the Magician (Deep Elf Wizard)              Turns: 2394, Time: 00:05:12

Health: -1/25      AC:  4    Str:  4    XL:     4   Next: 78%
Magic:  0/13       EV: 11    Int: 24    God:
Gold:   103        SH:  0    Dex: 13    Spells: 3/14 levels left

rFire    + . .     SeeInvis .   (no weapon)
rCold    x . .     Gourm    .   (no shield)
rNeg     . . .     Faith    .   o - +0 leather armour
rPois    .         Spirit   .   b - +0 hat
rElec    .         Reflect  .   (no cloak)
rCorr    .         Harm     .   (no gloves)
MR       .....                  h - +0 pair of boots (curse)
Stlth    ++........             (no amulet)
HPRegen  0.08/turn              j - ring of fire
MPRegen  0.13/turn              (no ring)

@: very slightly contaminated
A: no striking features
a: no special abilities


You were on level 3 of the Dungeon.
You were not hungry.

You visited 1 branch of the dungeon, and saw 3 of its levels.

You collected 103 gold pieces.

Inventory:

Armour
 b - a +0 hat (worn)
 h - a cursed +0 pair of boots (worn)
 o - a +0 leather armour (worn)
Jewellery
 j - a ring of fire (left hand)
Scrolls
 f - 3 scrolls of remove curse {unknown}
 g - 5 scrolls of identify {unknown}
 k - a scroll of fear {unknown}
 m - a scroll of magic mapping {unknown}
Potions
 c - a potion of flight {unknown}
 e - a potion of ambrosia {unknown}
 l - a potion of berserk rage {unknown}
 n - a potion of curing {unknown}
Comestibles
 a - 5 chunks of flesh
 d - 5 rations


   Skills:
 - Level 1.0 Fighting
 - Level 1.0 Armour
 - Level 2.4 Dodging
 - Level 2.4 Stealth
 * Level 5.8 Spellcasting
 * Level 2.6 Conjurations
 - Level 1.1 Summonings
 - Level 1.1 Translocations
 + Level 0.7 Fire Magic
 + Level 0.8 Air Magic


You had 3 spell levels left.
You knew the following spells:

 Your Spells              Type           Power        Failure   Level  Hunger
a - Magic Dart            Conj           ###.         4%          1    None
b - Mephitic Cloud        Conj/Pois/Air  ##......     26%         3    #......
c - Call Imp              Summ           ##......     14%         2    None
d - Blink                 Tloc           N/A          14%         2    None
e - Conjure Flame         Conj/Fire      ###.....     21%         3    #......

Your spell library contained the following spells:

 Spells                   Type           Power        Failure   Level  Hunger
 Slow                     Hex            #.......     22%         2    None


Dungeon Overview and Level Annotations

Branches:
Dungeon (3/15)

Altars:
Dithmenos
Fedhas
Nemelex Xobeh
Ru
Sif Muna


Message History

Deactivating autopickup; reactivate with Ctrl-A.
Casting: Magic Dart (safe; 4% risk of failure)
Confirm with . or Enter, or press ? or * to list all spells.
Aiming: Magic Dart (safe; 4% risk of failure)
Press: ? - help, Shift-Dir - straight line The magic dart hits something.
Something hits you but does no damage.
A sky beast appears from thin air!
Reactivating autopickup.
Casting: Magic Dart (safe; 4% risk of failure)
Confirm with . or Enter, or press ? or * to list all spells.
Aiming: Magic Dart (safe; 4% risk of failure)
Press: ? - help, Shift-Dir - straight line The magic dart hits the sky beast.
The sky beast is almost dead.
The sky beast flickers out of sight!
Deactivating autopickup; reactivate with Ctrl-A.
Something hits you.
* * * LOW HITPOINT WARNING * * *
Something shocks you.
You die...

# #.# #.......>.... # #.#
#............ ###### #.#
#............ .....# #.#
#...)........ .....# ###.###
#............ .....#
###.....###..≈.........
.....###..##.##..##..[........
......#.####+####.#.##########
#####...........@{..#
#.######+######## #.. ###. #.
##


There were no monsters in sight!

Vanquished Creatures
  A worker ant (D:2)
  3 adders
  2 gnolls (D:1)
  2 oozes
  2 worms (D:2)
  A dart slug (D:1)
  5 bats
  2 giant cockroaches
  4 goblins
  3 hobgoblins
  4 kobolds
  A quokka (D:2)
  4 frilled lizards
  6 rats
40 creatures vanquished.

Notes
Turn   | Place    | Note
-------+----------+-------------------------------------------
     0 | D:1      | pokeman the Deep Elf Wizard began the quest for the Orb.
     0 | D:1      | Reached XP level 1. HP: 10/10 MP: 7/7
    95 | D:1      | Reached XP level 2. HP: 16/16 MP: 2/9
   768 | D:1      | Reached skill level 5 in Spellcasting
   864 | D:1      | Reached XP level 3. HP: 20/20 MP: 5/11
   869 | D:1      | Learned a level 3 spell: Mephitic Cloud
   872 | D:1      | Learned a level 2 spell: Call Imp
   875 | D:1      | Learned a level 2 spell: Blink
   879 | D:1      | Learned a level 3 spell: Conjure Flame
  1390 | D:2      | Reached skill level 1 in Armour
  1394 | D:2      | Reached skill level 1 in Fighting
  1609 | D:2      | Reached XP level 4. HP: 25/25 MP: 4/13
  1682 | D:2      | Found a faded altar of an unknown god.
  1756 | D:2      | Found a shadowy altar of Dithmenos.
  1997 | D:2      | Found a sacrificial altar of Ru.
  2080 | D:2      | Found a blossoming altar of Fedhas.
  2165 | D:3      | Found a shimmering blue altar of Sif Muna.
  2165 | D:3      | Found a sparkling altar of Nemelex Xobeh.
  2370 | D:3      | Noticed a sky beast
  2394 | D:3      | Slain by a sky beast

Illustrated notes

Levels and vault maps discovered:
D:1:      dpeg_arrival_concentric_ovals, layout_basic
D:2:      layout_loops_ring, grunt_dithmenos_smoke, lemuel_crystal_altar,
          marbit_many_paths, chequers_ecumenical_altar_island, first_ration
D:3:      kennysheep_goblin_castle, layout_basic,
          chequers_temple_overflow_statue_of_worship,
          hangedman_abyss_or_decor_lesser_grid, interstate_on_off

Skill      XL: |  1  2  3 |
---------------+----------+-----
Spellcasting   | 5 |  5.8
Armour         | 1 |  1.0
Fighting       | 1 |  1.0
Conjurations   | 2 |  2.6
Dodging        | |  2.4
Stealth        | |  2.4
Summonings     | |  1.1
Translocations | |  1.1
Fire Magic     | |  0.7
Air Magic      | |  0.8

Action                   |  1- 3 |  4- 6 || total
-------------------------+-------+-------++-------
Melee: Unarmed           |       |     4 ||     4
 Cast: Magic Dart        |    83 |    39 ||   122
       Mephitic Cloud    |       |     1 ||     1
  Eat: Chunk             |     2 |     2 ||     4
Armor: Leather armour    |       |     5 ||     5
Dodge: Dodged            |     4 |     7 ||    11
